Unix NetHack Version 3.7.0-102 Work-in-progress - last build Apr 6 2024 13:22:21 (d302a6a9ff6341f1a922d8f5af178406b35fdf99,branch:master). Game began 2024-04-30 08:33:56, ended 2024-04-30 11:21:31. xororand, neutral male human Priest ----------------------------- |.@..)*................|....| |a----------------....)|....| |a........| |..........| |.........| |.....|.%..| |.........| |.....|.0..| |.........| ---------.-| |....<....| |....|....| |.........| ---.........| |.........| |>...00|0...| |.........| ---....|....| ----------- ----------- Xororand the Adept St:10 Dx:13 Co:16 In:11 Wi:18 Ch:10 Neutral S:3020 Dlvl:5 $:46 HP:0(59) Pw:56(113) AC:4 Xp:7/656 T:4778 Burdened Latest messages: The golden naga casts a spell! The golden naga suddenly disappears! You feel an unseen monster! You hit it. You hit it. You hit it. You hit it. You miss it. You miss it. You miss it. It bites! You kill it! Welcome to experience level 7. You kill the gecko! There is a broken door here. There are several objects here. You kill the green mold! You are splashed by the green mold's acid! Your iron skull cap corrodes! You have a little trouble lifting l - 2 apples. i - 2 food rations (3 in total). q - a tin. B - a copper wand. What do you want to write with? [- agorvzBDEIJMO or ?*] B A giant beetle suddenly appears next to you! You write in the dust with a wand of create monster. What do you want to write in the dust here? The wand of create monster glows, then fades. The giant bat bites! The giant bat bites! In what direction? . You feel better. You hit the giant beetle! You miss the giant beetle. The giant beetle bites! You hit the giant beetle! The giant beetle bites! You miss the giant beetle. You miss the giant beetle. You miss the giant beetle. The giant beetle bites! You miss the giant beetle. The giant beetle bites! The giant beetle bites! You die... Do you want your possessions identified? [ynq] (y) n Do you want to see your attributes? [ynq] (y) n Do you want an account of creatures vanquished? [ynaq] (y) n Do you want to see your conduct and achievements? [ynq] (y) n Do you want to see the dungeon overview? [ynq] (y) n Inventory: Coins $ - 46 gold pieces Amulets y - a cursed amulet of strangulation Weapons O - 6 rusty +0 darts a - a blessed +1 mace (weapon in right hand) Armor k - a corroded +0 orcish helm (being worn) L - a +0 pair of speed boots (being worn) c - a blessed +0 small shield (being worn) b - a +0 robe (being worn) G - a +0 leather armor (being worn) Comestibles u - a slime mold l - 2 apples h - a banana s - a cursed carrot e - a clove of garlic i - 3 food rations j - a fortune cookie m - a pancake f - a sprig of wolfsbane t - 3 tripe rations q - a tin of deep fried green mold Scrolls K - a scroll of destroy armor F - 2 scrolls of earth A - a scroll of stinking cloud H - a scroll of taming Spellbooks C - a blessed spellbook of restore ability Potions x - a potion of healing d - 2 potions of holy water Rings o - a ring of conflict M - a ring of levitation J - a ring of stealth (on left hand) Wands B - a wand of create monster (0:12) z - a wand of locking (0:5) v - a wand of undead turning (0:2) Tools p - a +0 pick-axe w - a tin whistle n - a tinning kit (0:54) Gems/Stones r - a worthless piece of black glass I - a worthless piece of orange glass D - a worthless piece of violet glass g - a worthless piece of white glass E - a worthless piece of yellowish brown glass Xororand the Priest's attributes: Background: You were an Adept, a level 7 human Priest. You were neutral, on a mission for Chih Sung-tzu who was opposed by Shan Lai Ching (lawful) and Huan Ti (chaotic). You were right-handed. You were in Sokoban, on level 5. You entered the dungeon 4778 turns ago. You had 656 experience points, 624 more were needed to attain level 8. Your score was 3020 before end-of-game adjustments. Basics: You had 0 out of 59 hit points. You had 56 out of 113 energy points (spell power). Your armor class was 4. Your wallet contained 46 zorkmids. Autopickup was off. Final Characteristics: Your strength was 10 (limit:18/100). Your dexterity was 13 (limit:18). Your constitution was 16 (limit:18). Your intelligence was 11 (limit:18). Your wisdom was 18 (limit:18). Your charisma was 10 (limit:18). Final Status: You weren't hungry. You were burdened; movement was slightly slowed. You were wielding a mace. You were skilled in mace. Final Attributes: You were piously aligned. You were stealthy. You were guarded. You were very fast. You were unlucky. You are dead. Miscellaneous: You never encountered a bones level. Total elapsed playing time was 51 minutes and 37 seconds. Major events: Turn 1: xororand the neutral human Priest entered the dungeon 1373: attained the rank of Acolyte (level 3) 3597: attained the rank of Adept (level 6) 3785: entered Sokoban 4097: completed 1st Sokoban level 4741: completed 2nd Sokoban level 4778: killed by a giant beetle Vanquished creatures: 3 small mimics a chameleon a wolf a winter wolf cub a leprechaun an orc mummy a lizard 2 dingoes 4 Mordor orcs 3 rock piercers a shrieker a gnomish wizard a gray ooze 2 floating eyes 2 hill orcs a giant bat 2 orc zombies a werejackal 3 killer bees 2 acid blobs a gas spore a hobbit 4 manes a large kobold 3 hobgoblins 2 giant rats 5 cave spiders a brown mold 2 green molds 2 geckos 5 jackals 4 kobolds 3 goblins 5 grid bugs 3 bats 5 lichens 2 kobold zombies 6 newts 89 creatures vanquished. No species were genocided or became extinct. Voluntary challenges: You read items or engraved 8 times. You never engraved Elbereth. You never genocided any monsters. You never polymorphed an object. You never changed form. You used no wishes. You violated the special Sokoban rules once. Achievements: You entered a shop. You attained the rank of Acolyte. You attained the rank of Adept. You entered Sokoban. The Dungeons of Doom: levels 1 to 7 Level 1: Many fountains. Level 2: A fountain. Level 3: An altar to Chih Sung-tzu. Level 4: A fountain. Level 5: A fountain. Level 6: Many fountains. Level 7: Stairs up to Sokoban, level 6. Sokoban: levels 6 up to 5 Level 5: <- You were here. Solved. Final resting place for you, killed by a giant beetle. Level 6: Solved. Game over: ---------- / \ / REST \ / IN \ / PEACE \ / \ | xororand | | 46 Au | | killed by a | | giant beetle | | | | | | 2024 | *| * * * | * _________)/\\_//(\/(/\)/\//\/|_)_______ Goodbye xororand the Priest... You died in Sokoban on dungeon level 5 with 3016 points, and 46 pieces of gold, after 4778 moves. You were level 7 with a maximum of 59 hit points when you died.